 Dungeon Crawl Stone Soup version 0.26-a0-651-gb41185065b (webtiles) character file.

Game seed: 6590263202627628281

161 kae the Changer (level 5, -2/44 HPs)
             Began as a Naga Transmuter on Oct 30, 2020.
             Slain by an orc priest
             ... wielding a +0 club
              (3 damage)
             ... on level 4 of the Dungeon.
             The game lasted 00:01:45 (3642 turns).

kae the Changer (Naga Transmuter)                   Turns: 3642, Time: 00:01:46

Health: -2/44      AC:  2    Str: 13    XL:     5   Next: 42%
Magic:  6/8        EV: 10    Int: 13    God:
Gold:   74         SH:  0    Dex: 12    Spells: 4/8 levels left

rFire    . . .     SeeInvis +     - Unarmed
rCold    . . .     Faith    .   (no shield)
rNeg     . . .     Spirit   .   a - +0 robe
rPois    +         Reflect  .   (no helmet)
rElec    .         Harm     .   (no cloak)
rCorr    .         Rampage  .   (no gloves)
MR       .....                  (no barding)
Stlth    +.........             (no amulet)
HPRegen  0.14/turn              (no ring)
MPRegen  0.11/turn              (no ring)

@: very slow
A: large, see invisible, deformed body, poison resistance, slowness 2, spit
poison 1, AC +1
a: Spit Poison


You were on level 4 of the Dungeon.
You visited 1 branch of the dungeon, and saw 4 of its levels.

You collected 74 gold pieces.

Inventory:

Armour
 a - a +0 robe (worn)
Scrolls
 b - 2 scrolls of noise {unknown}
 d - a scroll of enchant weapon {unknown}
 e - 5 scrolls of identify {unknown}
 h - a scroll of blinking {unknown}
 i - a scroll of fog {unknown}
 k - 3 scrolls of magic mapping {unknown}
 l - 2 scrolls of teleportation {unknown}
 n - 2 scrolls of remove curse {unknown}
 p - a scroll of fear {unknown}
Potions
 c - a potion of berserk rage {unknown}
 f - a potion of mutation {unknown}
 g - 2 potions of flight {unknown}
 j - a potion of haste {unknown}
 m - 3 potions of heal wounds {unknown}
 o - 2 potions of curing {unknown}


   Skills:
 - Level 1.0 Fighting
 - Level 1.5 Dodging
 + Level 3.9 Unarmed Combat
 - Level 2.0 Spellcasting
 * Level 4.1 Transmutations
 - Level 3.0 Poison Magic


You had 4 spell levels left.
You knew the following spells:

 Your Spells              Type           Power        Failure   Level
a - Beastly Appendage     Tmut           ##....       4%          1
b - Spider Form           Tmut/Pois      ##........   19%         3

Your spell library contained the following spells:

 Spells                   Type           Power        Failure   Level
 Wereblood                Tmut           ##......     7%          2
 Ice Form                 Ice/Tmut       #.......     73%         4
 Blade Hands              Tmut           ##........   78%         5


Dungeon Overview and Level Annotations

Branches:
Dungeon (3/15)

Altars:


Innate Abilities, Weirdness & Mutations

You cannot wear boots.
Your serpentine skin is tough. (AC +1)
You have supernaturally acute eyesight. (SInv)
Armour fits poorly on your strangely shaped body.
Your system is resistant to poisons. (rPois)
You cover ground very slowly.
You can spit poison.


Message History

Training target 3.0 for Poison Magic reached!
Your Transmutations skill increases to level 4!
Your Poison Magic skill increases to level 3!
An adder comes into view.
You hit the orc.
The orc is poisoned.
The orc is heavily wounded.
The orc completely misses you.
You hit the orc.
You kill the orc!
Your transformation has ended.
Your +0 robe unmelds from your body.
You hit the orc priest.
The orc priest is moderately wounded.
The orc priest calls down the wrath of Beogh upon you.
Beogh smites you!
* * * LOW HITPOINT WARNING * * *
You closely miss the orc priest.
The orc priest is moderately wounded.
The orc priest hits you with a +0 club.
You die...

############ #..........#
#.#.######.####
...###########.#.######.##..
........Soo@...#............
.....########..#.######.##..
... #..#.#.......... o
#........#..##..
#....###.#..##.. #....#
#.#...... #....###.#....#.
######.#...........#.
.......##.###..###..#


You could see an orc priest, an adder and an orc.

Vanquished Creatures
  An orc priest (D:4)
  An iguana (D:4)
  4 adders
  2 oozes
  A dart slug (D:1)
  A worm (D:2)
  3 orcs (D:4)
  7 bats
  2 giant cockroaches
  8 goblins
  5 hobgoblins
  5 jackals
  7 kobolds
  A quokka (D:2)
  6 frilled lizards
  A jackal skeleton (D:4)
  4 rats
59 creatures vanquished.

Notes
Turn   | Place    | Note
-------+----------+-------------------------------------------
     0 | D:1      | kae the Naga Transmuter began the quest for the Orb.
     0 | D:1      | Reached XP level 1. HP: 18/18 MP: 3/3
   411 | D:1      | Reached XP level 2. HP: 24/25 MP: 5/5
  1025 | D:1      | Reached skill level 3 in Transmutations
  1047 | D:1      | Reached XP level 3. HP: 20/31 MP: 4/6
  1434 | D:2      | Learned a level 3 spell: Spider Form
  2126 | D:2      | Reached skill level 1 in Poison Magic
  2221 | D:2      | Reached XP level 4. HP: 34/38 MP: 5/7
  3053 | D:3      | You fall into a shaft and drop 1 floor!
  3561 | D:4      | Reached XP level 5. HP: 44/44 MP: 5/8
  3638 | D:4      | Reached skill level 4 in Transmutations
  3641 | D:4      | HP: 1/44 [orc priest/divine providence (16)]
  3642 | D:4      | Slain by an orc priest

Illustrated notes

Levels and vault maps discovered:
D:1:      grunt_arrival_crossed_arrows, layout_loops_corners,
          chequers_mini_garden
D:2:      layout_basic
D:3:      minmay_recursive_quarters, layout_rooms
D:4:      layout_basic

Skill      XL: |  1  2  3  4  5 |
---------------+----------------+-----
Transmutations | 3 4 |  4.1
Poison Magic   | 1 2 3 |  3.0
Fighting       | |  1.0
Dodging        | |  1.5
Unarmed Combat | |  3.9
Spellcasting   | |  2.0

Action                   |  1- 3 |  4- 6 || total
-------------------------+-------+-------++-------
Melee: Unarmed           |    96 |    80 ||   176
       Headbutt          |    10 |     6 ||    16
       Punch             |     1 |     1 ||     2
 Cast: Beastly Appendage |    24 |    16 ||    40
       Spider Form       |       |     2 ||     2
 Abil: Spit Poison       |    14 |     7 ||    21
 Stab: Sleeping          |       |     2 ||     2
Armor: Robe              |    17 |    16 ||    33
Dodge: Dodged            |    46 |    43 ||    89

Table legend: (Time is in decaauts)
 A = Elapsed time spent in this place.
 B = Non-inter-level travel time spent in this place.
 C = Inter-level travel time spent in this place.
 D = Time resting spent in this place.
 E = Time spent auto-exploring this place.
 F = Levels seen in this place.
 G = Mean time per level.
                   A        B        C        D        E       F      G
               +--------+--------+--------+--------+--------+-----+--------+
         Total |   4220 |   4172 |     48 |     30 |   3671 |   4 | 1055.0 |
       Dungeon |   4220 |   4172 |     48 |     30 |   3671 |   4 | 1055.0 |
               +--------+--------+--------+--------+--------+-----+--------+

Top non-repeatable levels by time:
     D:1: 1628 daAuts
     D:2: 1490 daAuts
     D:4: 630 daAuts
     D:3: 472 daAuts
